 Dungeon Crawl Stone Soup version 0.31.0-11-ge490571c62 (webtiles) character file.

Game seed: 15282017546719669818

2190 bearlyready the Ruffian (level 9, -7/68 HPs)
             Began as a Gnoll Shapeshifter on Feb 8, 2024.
             Was an Initiate of Gozag.
             Mangled by an orc warrior
             ... wielding a +0 halberd
              (15 damage)
             ... on level 7 of the Dungeon.
             The game lasted 00:18:34 (7743 turns).

bearlyready the Ruffian (Gnoll Shapeshifter)        Turns: 7743, Time: 00:18:35

Health: -7/68      AC:  7    Str: 21    XL:     9   Next: 33%
Magic:  5/5        EV: 12    Int:  9    God:    Gozag
Gold:   402        SH:  5    Dex: 12    Spells: 11/16 levels left

rFire   . . .        a - +8 sling of Ixeof {antimagic, Str+3 SInv}
rCold   . . .        T - +0 buckler
rNeg    . . .        n - +0 scale mail
rPois   .            (helmet currently unavailable)
rElec   .            (cloak currently unavailable)
rCorr   .            (gloves currently unavailable)
SInv    +            (boots currently unavailable)
Will    .....        (no amulet)
Stlth   +            (no ring)
HPRegen 0.31/turn    (no ring)
MPRegen 0.09/turn

%: no passive effects
@: beast-form, gold aura
A: beast (slay +4), fangs 1, strong nose, distributed training
a: Begin Untransformation, Renounce Religion, Potion Petition, Call Merchant,
Bribe Branch


You were on level 7 of the Dungeon.
You worshipped Gozag.
Gozag was aware of your devotion.
You were a hulking beast.
You visited 2 branches of the dungeon, and saw 8 of its levels.

You collected 582 gold pieces.
You spent 78 gold pieces at shops.
You paid 102 gold pieces to Gozag.

Inventory:

Hand Weapons
 a - the +8 sling of Ixeof (weapon) {antimagic, Str+3 SInv}
   (You found it on level 7 of the Dungeon)

   Str+3:     It affects your strength (+3).
   SInv:      It lets you see invisible.
 k - a +0 long sword of venom
 m - a +0 mace of protection
 r - a +1 dagger of venom
Missiles
 g - 12 poisoned darts
 i - 49 stones
 o - 8 boomerangs
 s - 9 darts of dispersal
 H - 4 throwing nets
Armour
 b - a +0 leather armour of cold resistance
 f - a +0 helmet
 l - a +0 ring mail
 n - a +0 scale mail (worn)
 S - a +0 animal skin
 T - a +0 buckler (worn)
Jewellery
 K - a ring of fire
 L - an amulet of faith
Talismans
 c - a beast talisman
 d - a flux talisman
 A - a beast talisman
 B - a blade talisman
Wands
 p - a wand of charming (36)
Scrolls
 e - 3 scrolls of revelation {unknown}
 j - a scroll of noise
 t - a scroll of vulnerability {unknown}
 v - a scroll of brand weapon {unknown}
 x - 3 scrolls of summoning {unknown}
 y - a scroll of fog {unknown}
 E - 4 scrolls of identify {unknown}
 G - a scroll of enchant weapon {unknown}
 I - 2 scrolls of blinking
 J - 4 scrolls of teleportation
 N - 2 scrolls of immolation {unknown}
 O - a scroll of enchant armour {unknown}
 P - a scroll of fear {unknown}
 Q - a scroll of torment {unknown}
Potions
 h - a potion of enlightenment {unknown}
 q - a potion of haste
 u - 5 potions of curing
 w - a potion of ambrosia
 z - a potion of mutation {unknown}
 C - a potion of cancellation {unknown}
 D - 3 potions of might {unknown}
 F - 3 potions of heal wounds {unknown}
 M - a potion of degeneration {unknown}
 R - 2 potions of invisibility {unknown}


   Skills:
 + Level 5.1 Fighting
 + Level 4.3 Short Blades
 + Level 4.3 Long Blades
 + Level 4.3 Axes
 + Level 4.3 Maces & Flails
 + Level 4.3 Polearms
 + Level 4.3 Staves
 + Level 4.3 Ranged Weapons
 + Level 4.3 Throwing
 + Level 4.3 Armour
 + Level 6.3 Dodging
 + Level 4.3 Stealth
 + Level 4.3 Shields
 + Level 7.9 Unarmed Combat
 + Level 4.3 Spellcasting
 + Level 3.5 Conjurations
 + Level 3.5 Hexes
 + Level 3.5 Summonings
 + Level 3.5 Necromancy
 + Level 3.5 Translocations
 + Level 3.5 Fire Magic
 + Level 3.5 Ice Magic
 + Level 3.5 Air Magic
 + Level 3.5 Earth Magic
 + Level 3.5 Alchemy
 + Level 4.7 Invocations
 + Level 4.3 Evocations
 + Level 7.7 Shapeshifting


You had 11 spell levels left.
You knew the following spells:

 Your Spells              Type           Power      Damage    Failure   Level
a - Jinxbite              Hex            16%        N/A       30%         2
b - Swiftness             Air            8%         N/A       52%         3

Your spell library contained the following spells:

 Spells                   Type           Power      Damage    Failure   Level
 Freeze                   Ice            32%        1d5       21%         1
 Shock                    Conj/Air       32%        1d5       21%         1
 Frozen Ramparts          Ice            16%        1d3       52%         3
 Hailstorm                Conj/Ice       8%         3d5       52%         3
 Summon Ice Beast         Ice/Summ       8%         N/A       52%         3
 Airstrike                Air            4%         2d(1-17)  89%         4
 Yara's Violent Unravell  Hex/Alch       4%         3d4       99%         5
 Sculpt Simulacrum        Ice/Alch       4%         N/A       100%        6
 Enfeeble                 Hex            4%         N/A       100%        7


Dungeon Overview and Level Annotations

Branches:
Dungeon (7/15)             Temple (1/1) D:5

Altars:
Cheibriados
Dithmenos
Elyvilon
Fedhas
Gozag
Hepliaklqana
Kikubaaqudgha
Makhleb
Nemelex Xobeh
Qazlal
Ru
Trog
Uskayaw
Vehumet
Wu Jian
Yredelemnul
Zin
The Shining One

Shops:
D:2 !   D:4 *

Annotations:
D:5 2 transporters, VoidStrider's ghost, novice TeAE


Innate Abilities, Weirdness & Mutations

You are a hulking beast.
Your limbs bulge with bestial killing power. (Slay +4)
You have very sharp teeth.
Your uncanny sense of smell can sniff out nearby items.
Your experience applies equally to all skills.


Message History

Press: ? - help, Q - select action, (/) - cycle Shift-Dir - straight line, f/p - orc priest
Aim: an orc priest, wielding a +0 dagger (71% to hit)
You shoot a sling bullet. The sling bullet hits the orc priest!
The orc priest is severely wounded.
The orc warrior hits you from afar with a +0 halberd.
Fire: a) +8 sling of Ixeof {antimagic, Str+3 SInv}
Press: ? - help, Q - select action, (/) - cycle Shift-Dir - straight line, f/p - orc priest
Aim: an orc priest, wielding a +0 dagger (severely wounded, 71% to hit)
You shoot a sling bullet. The sling bullet hits the orc priest!
You kill the orc priest!
The orc warrior hits you from afar with a +0 halberd!
Your life force feels restored.
Fire: a) +8 sling of Ixeof {antimagic, Str+3 SInv}
Press: ? - help, Q - select action, (/) - cycle Shift-Dir - straight line, f - orc
Aim: an orc, wielding a +0 short sword and wearing a +0 ring mail (74% to hit)
You shoot a sling bullet. The sling bullet barely misses the orc.
The orc warrior hits you from afar with a +0 halberd!
The orc closely misses you.
Fire: a) +8 sling of Ixeof {antimagic, Str+3 SInv}
Press: ? - help, Q - select action, (/) - cycle Shift-Dir - straight line, f/p - orc
Aim: an orc, wielding a +0 short sword and wearing a +0 ring mail (74% to hit)
You shoot a sling bullet. The sling bullet barely misses the orc.
The orc warrior hits you from afar with a +0 halberd!
* * * LOW HITPOINT WARNING * * *
The orc misses you. The orc warrior barely misses you.
You block the orc's attack.
The orc warrior attacks as it pursues you!
The orc warrior barely misses you. The orc attacks as it pursues you!
The orc hits you but does no damage.
The orc warrior attacks as it pursues you!
The orc warrior hits you from afar with a +0 halberd!
* * * LOW HITPOINT WARNING * * *
Okay, then.
Aiming: Charm
Press: ? - help, Shift-Dir - straight line, p - orc The orc warrior resists with significant effort.
The orc closely misses you.
The orc warrior hits you from afar with a +0 halberd!
You die...
Your body crumbles into a pile of gold.

..................####...#
...................##....#
...................).)..#
.....................)..#
........................##
............................
#####........................
# ##.................<######
####............h......#
##.....##........oo....#
......####.............#
.....## ##............#
.....## ##...........##
......## ##.........$.##
.......## ##...........#
........## ##..............
...#.....# ##...............


You could see an orc warrior and an orc.

Vanquished Creatures
  A steam dragon (D:4)
  3 water moccasins
  An ice beast (D:6)
  2 black bears
  A centaur (D:6)
  2 phantoms
  A kobold brigand (D:7)
  A scorpion (D:4)
  4 wights (D:7)
  2 hounds
  2 bombardier beetles
  3 jellies
  3 orc priests
  A sleepcap (D:4)
  4 iguanas
  4 orc wizards
  4 adders
  18 gnolls
  2 white imps
  2 ufetubi (D:6)
  A dart slug (D:4)
  3 ribbon worms (D:2)
  25 orcs
  12 endoplasms
  3 giant cockroaches
  5 hobgoblins
  11 jackals
  5 quokkas
  10 ball pythons
  4 bats
  5 frilled lizards
  11 goblins
  10 kobolds
  8 rats
174 creatures vanquished.

Notes
Turn   | Place    | Note
-------+----------+-------------------------------------------
     0 | D:1      | bearlyready the Gnoll Shapeshifter began the quest for the
                  | Orb.
     0 | D:1      | Reached XP level 1. HP: 17/17 MP: 1/1
    40 | D:1      | Found a large runed translucent door.
    40 | D:1      | Found a large runed translucent door.
   142 | D:1      | Reached XP level 2. HP: 23/23 MP: 2/2
  1028 | D:2      | Reached XP level 3. HP: 24/28 MP: 3/3
  1112 | D:2      | Reached skill level 1 in Invocations
  1232 | D:2      | Reached skill level 1 in Short Blades
  1232 | D:2      | Reached skill level 1 in Long Blades
  1232 | D:2      | Reached skill level 1 in Axes
  1232 | D:2      | Reached skill level 1 in Maces & Flails
  1232 | D:2      | Reached skill level 1 in Polearms
  1232 | D:2      | Reached skill level 1 in Staves
  1232 | D:2      | Reached skill level 1 in Ranged Weapons
  1232 | D:2      | Reached skill level 1 in Throwing
  1232 | D:2      | Reached skill level 1 in Armour
  1232 | D:2      | Reached skill level 1 in Stealth
  1232 | D:2      | Reached skill level 1 in Shields
  1232 | D:2      | Reached skill level 1 in Spellcasting
  1232 | D:2      | Reached skill level 1 in Evocations
  1559 | D:2      | Found Wearhaapt's Distillery.
  1563 | D:2      | Bought a potion of curing for 39 gold pieces
  1628 | D:2      | Reached XP level 4. HP: 29/34 MP: 5/5
  1648 | D:2      | Found a faded altar of an unknown god.
  1970 | D:3      | Reached skill level 1 in Conjurations
  1970 | D:3      | Reached skill level 1 in Hexes
  1970 | D:3      | Reached skill level 1 in Summonings
  1970 | D:3      | Reached skill level 1 in Necromancy
  1970 | D:3      | Reached skill level 1 in Translocations
  1970 | D:3      | Reached skill level 1 in Fire Magic
  1970 | D:3      | Reached skill level 1 in Ice Magic
  1970 | D:3      | Reached skill level 1 in Air Magic
  1970 | D:3      | Reached skill level 1 in Earth Magic
  1970 | D:3      | Reached skill level 1 in Alchemy
  2004 | D:3      | Reached XP level 5. HP: 39/41 MP: 5/7
  2661 | D:1      | Reached XP level 6. HP: 14/47 MP: 8/8
  2894 | D:1      | Reached skill level 5 in Dodging
  3187 | D:4      | Noticed a black bear
  3202 | D:4      | Killed a black bear
  3203 | D:4      | Reached XP level 7. HP: 52/52 MP: 10/10
  3237 | D:4      | Learned a level 2 spell: Jinxbite
  3241 | D:4      | Learned a level 3 spell: Swiftness
  3640 | D:4      | Noticed a steam dragon
  3903 | D:4      | Found Beowuk's General Store.
  3933 | D:4      | Bought a scroll of teleportation for 39 gold pieces
  4204 | D:4      | Killed a steam dragon
  4205 | D:4      | Reached XP level 8. HP: 60/60 MP: 12/12
  4237 | D:5      | Entered Level 5 of the Dungeon
  4418 | D:5      | Noticed VoidStrider's ghost (novice TeAE)
  4680 | D:5      | Found a transporter.
  4685 | D:5      | Found a transporter.
  4719 | D:5      | Found a shadowy altar of Dithmenos.
  4905 | D:5      | Found a staircase to the Ecumenical Temple.
  4914 | D:5      | You fall into a shaft and drop 1 floor!
  5471 | Temple   | Entered the Ecumenical Temple
  5521 | Temple   | Became a worshipper of Gozag Ym Sagoz the Greedy
  6083 | D:6      | Found an ancient bone altar of Kikubaaqudgha.
  6333 | D:6      | Reached XP level 9. HP: 58/66 MP: 14/14
  7037 | D:7      | Reached skill level 5 in Fighting
  7443 | D:7      | Identified the +8 sling of Ixeof {antimagic, Str+3 SInv}
  7743 | D:7      | Mangled by an orc warrior

Illustrated notes

Levels and vault maps discovered:
D:1:      erik_arrival_cave_to_civilisation [erik_arrival_cave_to_temple],
          layout_basic
D:2:      layout_loops_ring, hellmonk_ecumenical_altar_defaced_shrine,
          serial_shops, nicolae_shop_back_alley_shop
D:3:      layout_loops_ring, chequers_serial_rivers_large_b,
          hangedman_abyss_or_decor_stabs, minmay_misc_feat_four_crosses
D:4:      minmay_clustersquares, layout_loops_ring, nicolae_stop_n_shop_2
D:5:      layout_basic, nicolae_dithmenos_through_a_glass_darkly,
          minmay_temple_entry_proselytizer, gammafunk_ghost_hive,
          minmay_statues_item, serial_library_hellmonk_double_dead_end,
          serial_bayou_lagoon_b
D:6:      minmay_spotlight, layout_gridville, mainiacjoe_overflow_alcove_2,
          nicolae_figureground_sparkle
D:7:      layout_layer_cave, serial_library_hellmonk_big_corner
Temple:   regret_index_temple_sphere_string

Skill      XL: |  1  2  3  4  5  6  7  8  9 |
---------------+----------------------------+-----
Invocations    | 1 2 3 4 |  4.7
Short Blades   | 1 2 3 4 |  4.3
Long Blades    | 1 2 3 4 |  4.3
Axes           | 1 2 3 4 |  4.3
Maces & Flails | 1 2 3 4 |  4.3
Polearms       | 1 2 3 4 |  4.3
Staves         | 1 2 3 4 |  4.3
Ranged Weapons | 1 2 3 4 |  4.3
Throwing       | 1 2 3 4 |  4.3
Armour         | 1 2 3 4 |  4.3
Stealth        | 1 2 3 4 |  4.3
Shields        | 1 2 3 4 |  4.3
Spellcasting   | 1 2 3 4 |  4.3
Evocations     | 1 2 3 4 |  4.3
Conjurations   | 1 2 3 |  3.5
Hexes          | 1 2 3 |  3.5
Summonings     | 1 2 3 |  3.5
Necromancy     | 1 2 3 |  3.5
Translocations | 1 2 3 |  3.5
Fire Magic     | 1 2 3 |  3.5
Ice Magic      | 1 2 3 |  3.5
Air Magic      | 1 2 3 |  3.5
Earth Magic    | 1 2 3 |  3.5
Alchemy        | 1 2 3 |  3.5
Fighting       | 3 4 5 |  5.1
Dodging        | 5 6 |  6.3
Unarmed Combat | 7 |  7.9
Shapeshifting  | 7 |  7.7

Action                     |  1- 3 |  4- 6 |  7- 9 || total
---------------------------+-------+-------+-------++-------
  Melee: Unarmed           |    89 |   119 |   236 ||   444
         Bite              |     4 |    14 |    20 ||    38
         Long sword        |     1 |       |       ||     1
         Punch             |     3 |     8 |    12 ||    23
   Fire: Sling             |       |       |     9 ||     9
  Throw: Dart              |       |     2 |       ||     2
         Boomerang         |       |       |     5 ||     5
  Evoke: Wand              |       |       |     1 ||     1
    Use: Scroll            |       |     2 |       ||     2
         Potion            |       |       |     3 ||     3
   Stab: Sleeping          |     1 |       |       ||     1
 Armour: Animal skin       |     9 |       |       ||     9
         Ring mail         |    10 |       |       ||    10
         Scale mail        |    21 |    77 |   145 ||   243
         Skin              |       |       |     6 ||     6
  Dodge: Dodged            |    53 |    80 |   117 ||   250
  Block: Buckler           |       |       |     1 ||     1
